AoeStats
← Я НИЩИЙ СИН БЛЯ С

Arabia

503293200Analyzed
2v2 RM · 2mo ago on Aug 31, 2026· 48m 9s· 4 players
Game mode
Random Map
Map size
Medium (4 player)
Population
200
Speed
Normal
Resources
Standard
Victory
Conquest
Starting age
Dark Age
Ending age
Imperial Age
RankedLock teamsTeams togetherTeam positionsShared explorationLock speedFull tech treeHidden civsTurbo modeCheats
Victory
Defeat
727
+16
🇦🇷 Italians · Argentina
727
+16
vs
🇦🇷 Persians · Argentina
777
-18
🇦🇷 Maya · Argentina
691
-14
Я НИЩИЙ СИН БЛЯ С
10:24 Loom
12:40 Feudal Age
16:40 Castle Age
20:07 Wheelbarrow
19:34 Horse Collar
33:59 Imperial Age
32:24 Double-Bit Axe
35:44 Elite Organ Gun
42:57 Arquebus
43:22 Ballistics
44:49 Hand Cart
44:49 Bow Saw
47:08 Chemistry
CULISUELTO4
11:49 Feudal Age
10:53 Loom
16:53 Castle Age
19:11 Double-Bit Axe
20:47 Wheelbarrow
20:18 Fletching
20:29 Padded Archer Armor
24:00 Gold Mining
28:18 Thumb Ring
29:36 Squires
30:04 Man-at-Arms
31:07 Bodkin Arrow
33:46 Leather Archer Armor
34:08 Hand Cart
40:32 Imperial Age
42:27 Chemistry
41:48 Ballistics
41:18 Elite Genoese Crossbowman
42:55 Bracer
43:25 Ring Archer Armor
42:57 Scale Mail Armor
43:08 Forging
fede dela T
1:28 Loom
12:58 Feudal Age
15:03 Man-at-Arms
15:58 Horse Collar
17:56 Arson
24:47 Forging
24:38 Scale Mail Armor
25:36 Scale Barding Armor
27:51 Castle Age
Leion
1:41 Loom
7:59 Loom
10:43 Feudal Age
13:41 Wheelbarrow
13:22 Double-Bit Axe
15:00 Gold Mining
18:27 Town Watch
18:27 Horse Collar
22:46 Castle Age
21:42 Fletching
21:44 Horse Collar
23:32 Elite Skirmisher
31:09 Ballistics
31:01 Thumb Ring
32:20 Bow Saw
32:04 Stone Mining
33:28 Hand Cart
34:40 Town Patrol
35:00 Heavy Plow
40:22 Imperial Age
40:04 Hul'che Javelineers
40:59 Stone Shaft Mining
40:59 Bodkin Arrow
41:04 Padded Archer Armor
42:47 Chemistry
Connection lost

Rejoining the realm…

Still unreachable

The connection could not be restored.

Session expired

The server has moved on; the page needs a fresh start.